 Dungeon Crawl Stone Soup version 0.30-a0-159-g068b764562 (webtiles) character file.

Game seed: 16233310862123517193

32 zishaf the Gusty (level 3, -1/20 HPs)
             Began as a Tengu Air Elementalist on Sept 27, 2022.
             Slain by Terence
             ... wielding a +0 hand axe
              (6 damage)
             ... on level 1 of the Dungeon.
             The game lasted 00:02:03 (1293 turns).

zishaf the Gusty (Tengu Air Elementalist)           Turns: 1293, Time: 00:02:03

Health: -1/20      AC:  2    Str:  8    XL:     3   Next: 27%
Magic:  1/7        EV: 12    Int: 17    God:
Gold:   85         SH:  0    Dex: 14    Spells: 0/6 levels left

rFire   . . .      SeeInvis .    f - +0 dagger
rCold   . . .      Faith    .    (no shield)
rNeg    . . .      Spirit   .    a - +0 robe
rPois   .          Reflect  .    (helmet restricted)
rElec   .          Harm     .    (no cloak)
rCorr   .          Rampage  .    (no gloves)
Will    .....                    (boots unavailable)
Stlth   ++........               (no amulet)
HPRegen 0.06/turn                (no ring)
MPRegen 0.10/turn                (no ring)

@: no status effects
A: beak, talons 3
a: no special abilities


You were on level 1 of the Dungeon.
You visited 1 branch of the dungeon, and saw 2 of its levels.

You collected 85 gold pieces.

Inventory:

Hand Weapons
 f - a +0 dagger (weapon)
Missiles
 g - 3 poisoned darts
 l - 6 curare-tipped darts
Armour
 a - a +0 robe (worn)
Scrolls
 c - 2 scrolls of identify {unknown}
 d - 2 scrolls of amnesia {unknown}
 e - a scroll of enchant weapon {unknown}
 i - a scroll of enchant armour {unknown}
Potions
 b - a potion of magic
 h - 3 potions of curing {unknown}
 j - a potion of berserk rage {unknown}
 k - a potion of flight {unknown}


   Skills:
 + Level 1.2 Fighting
 - Level 2.1 Dodging
 - Level 2.0 Stealth
 + Level 2.4 Spellcasting
 + Level 2.3 Conjurations
 + Level 4.4 Air Magic


You couldn't memorise any spells.
You knew the following spells:

 Your Spells              Type           Power      Damage    Failure   Level
a - Shock                 Conj/Air       52%        1d6       4%          1
A - Static Discharge      Conj/Air       26%        2-4/arc   7%          2
B - Swiftness             Air            17%        N/A       9%          3

Your spell library contained the following spells:

 Spells                   Type           Power      Damage    Failure   Level
 Airstrike                Air            8%         2d(2-18)  30%         4


Dungeon Overview and Level Annotations

Branches:
Dungeon (2/15)

Altars:

Annotations:
D:1 Terence


Innate Abilities, Weirdness & Mutations

You have a beak for a mouth.
You have claws for feet.


Message History

Casting: Shock (safe; 4% risk of failure)
Confirm with . or Enter, or press ? or * to list all spells.
Aiming: Shock (safe; 4% risk of failure)
Press: ? - help, Shift-Dir - straight line, f - Terence
Aim: Terence, wielding a +0 hand axe and wearing a +0 chain mail (asleep, 100% to hit)
The zap hits Terence.
Terence is lightly wounded.
Terence shouts!
An adder comes into view.
The adder moves out of view.
Terence looks scornfully at you.
There is a stone staircase leading up here.
Terence hits you with a +0 hand axe.
You climb upwards.
There is a stone staircase leading down here.
Casting: Shock (safe; 4% risk of failure)
Confirm with . or Enter, or press ? or * to list all spells.
Terence is struck by an arc of lightning.
Terence is lightly wounded.
You are struck by an arc of lightning.
The lightning grounds out.
Terence hits you with a +0 hand axe.
Unknown command.
Casting: Static Discharge (safe; 7% risk of failure)
Confirm with . or Enter, or press ? or * to list all spells.
Terence is struck by an arc of lightning.
Terence is heavily wounded.
You are struck by an arc of lightning.
Terence is struck by an arc of lightning.
Terence is heavily wounded.
The lightning grounds out.
Terence barely misses you.
Casting: Static Discharge (safe; 7% risk of failure)
Confirm with . or Enter, or press ? or * to list all spells.
Terence is struck by an arc of lightning.
Terence is severely wounded.
You are struck by an arc of lightning.
* * * LOW HITPOINT WARNING * * *
Terence is struck by an arc of lightning.
Terence is almost dead.
The lightning grounds out.
Terence hits you with a +0 hand axe.
You die...

###..[..######.#...#.##.##
#.............##.......##
###.#...####..####.#.#..##
##.#.........(...........
####..####.....#........)...
####....## ###.....##...##.##.
#...|#### ####.......####.###
##.#### ######..@.........##...#
#..# ####......@......#.#....#..
##.####.........##........###...#
.)......###.#####............##..
##+##...# #.# #...........#...#.
#...#...###.####...........###.##
#..≈##.........................##
#.≈≈##....................######
#≈≈≈##..........##...#...##
#§≈.##..........##########


You could see Terence.

Vanquished Creatures
  2 dart slugs
  An endoplasm (D:1)
  4 goblins (D:1)
  5 hobgoblins (D:1)
  A jackal (D:1)
  3 ball pythons
  3 bats
  3 kobolds (D:1)
  5 rats
27 creatures vanquished.

Notes
Turn   | Place    | Note
-------+----------+-------------------------------------------
     0 | D:1      | zishaf the Tengu Air Elementalist began the quest for the
                  | Orb.
     0 | D:1      | Reached XP level 1. HP: 10/10 MP: 4/4
   130 | D:1      | Reached XP level 2. HP: 14/16 MP: 0/6
   249 | D:1      | Learned a level 2 spell: Static Discharge
   762 | D:1      | Reached skill level 1 in Fighting
   773 | D:1      | Reached XP level 3. HP: 12/20 MP: 1/7
  1191 | D:2      | Learned a level 3 spell: Swiftness
  1270 | D:2      | Noticed Terence
  1293 | D:1      | Slain by Terence

Illustrated notes

Levels and vault maps discovered:
D:1:      lightli_arrival_quake, layout_rooms, minmay_pentomino_z4
D:2:      layout_basic, uniq_terence

Skill      XL: |  1  2 |
---------------+-------+-----
Conjurations   | 2 |  2.3
Fighting       | 1 |  1.2
Dodging        | |  2.1
Stealth        | |  2.0
Spellcasting   | |  2.4
Air Magic      | |  4.4

Action                   || total
-------------------------++-------
Melee: Unarmed           ||     5
       Dagger            ||     7
       Kick              ||     2
 Cast: Shock             ||    53
       Static Discharge  ||     3
Armor: Robe              ||     7
Dodge: Dodged            ||    15

Table legend: (Time is in decaauts)
 A = Elapsed time spent in this place.
 B = Non-inter-level travel time spent in this place.
 C = Inter-level travel time spent in this place.
 D = Time resting spent in this place.
 E = Time spent auto-exploring this place.
 F = Levels seen in this place.
 G = Mean time per level.
                   A        B        C        D        E       F      G
               +--------+--------+--------+--------+--------+-----+--------+
         Total |   1292 |   1280 |     12 |      0 |   1085 |   2 |  646.0 |
       Dungeon |   1292 |   1280 |     12 |      0 |   1085 |   2 |  646.0 |
               +--------+--------+--------+--------+--------+-----+--------+

Top non-repeatable levels by time:
     D:1: 1054 daAuts
     D:2: 238 daAuts
